 Dungeon Crawl Stone Soup version 0.30-a0-149-g7f746667c4 (webtiles) character file.

Game seed: 6809282046469930960

4671 greasedhog the Transmogrifier (level 10, -6/59 HPs)
             Began as a Gargoyle Transmuter on Sept 27, 2022.
             Was a Believer of Sif Muna.
             Mangled by a steam dragon (10 damage)
             ... on level 8 of the Dungeon.
             The game lasted 00:17:31 (11794 turns).

greasedhog the Transmogrifier (GrTm)               Turns: 11794, Time: 00:17:31

Health: -6/59      AC:  2    Str: 16    XL:     10   Next: 44%
Magic:  12/16      EV: 23    Int: 16    God:    Sif Muna [**....]
Gold:   725        SH:  0    Dex: 21    Spells: 7/17 levels left

rFire   . . .      SeeInvis +      - Unarmed
rCold   . . .      Faith    .    (shield currently unavailable)
rNeg    + . .      Spirit   .    (body armour currently unavailable)
rPois   ∞          Reflect  .    (helmet currently unavailable)
rElec   .          Harm     .    (cloak currently unavailable)
rCorr   .          Rampage  .    (gloves currently unavailable)
Will    .....                    (boots currently unavailable)
Stlth   ++........               (no amulet)
HPRegen 0.19/turn                q - +6 ring of dexterity
MPRegen 0.15/turn                k - ring of see invisible

@: spider-form, wereblooded
A: venomous fangs, sickness immunity, AC +7, tiny, negative energy resistance 1,
(electricity resistance), torment resistance 1, petrification resistance
a: End Transformation, Renounce Religion, Channel Magic


You were on level 8 of the Dungeon.
You worshipped Sif Muna.
Sif Muna was pleased with you.
You were a venomous arachnid creature.
You visited 2 branches of the dungeon, and saw 9 of its levels.

You collected 939 gold pieces.
You spent 214 gold pieces at shops.

Inventory:

Missiles
 n - 5 throwing nets
Armour
 l - a +0 cloak (melded)
 p - a +1 helmet of see invisible (melded)
 x - a +0 pair of gloves (melded)
 y - +0 acid dragon scales (melded)
Jewellery
 a - an amulet of reflection
 k - a ring of see invisible (right front leg)
 q - a +6 ring of dexterity (left front leg)
Wands
 z - a wand of iceblast (7)
Scrolls
 d - a scroll of brand weapon
 f - a scroll of silence
 h - 2 scrolls of teleportation
 i - 2 scrolls of immolation
 j - a scroll of fog
 o - 3 scrolls of noise {unknown}
 r - a scroll of torment
 s - 4 scrolls of vulnerability
 u - 2 scrolls of enchant weapon
 v - 2 scrolls of poison
 C - a scroll of magic mapping
Potions
 b - 4 potions of lignification
 c - 2 potions of cancellation
 e - 2 potions of attraction
 g - a potion of brilliance
 m - 3 potions of haste
 t - 5 potions of berserk rage {unknown}
 w - a potion of degeneration {unknown}
 B - a potion of curing {unknown}


   Skills:
 - Level 5.1 Fighting
 - Level 5.0 Armour
 - Level 5.0 Dodging
 - Level 5.0 Unarmed Combat
 * Level 4.4 Spellcasting
 * Level 9.0 Transmutations


You had 7 spell levels left.
You knew the following spells:

 Your Spells              Type           Power      Damage    Failure   Level
a - Beastly Appendage     Tmut           64%        N/A       3%          1
b - Wereblood             Tmut           32%        N/A       3%          2
c - Spider Form           Tmut/Pois      18%        N/A       21%         3
d - Ice Form              Ice/Tmut       18%        N/A       47%         4

Your spell library contained the following spells:

 Spells                   Type           Power      Damage    Failure   Level
 Petrify                  Tmut/Erth      18%        N/A       47%         4
 Irradiate                Conj/Tmut      9%         3d14      77%         5
 Summon Hydra             Summ           1%         N/A       100%        7
 Sublimation of Blood     Necr           Unusable   N/A       N/A         2

Dungeon Overview and Level Annotations

Branches:
Dungeon (8/15)             Temple (1/1) D:6
   Lair: D:8-11

Altars:
Ashenzari
Cheibriados
Fedhas
Qazlal
Ru
Sif Muna
Trog
Wu Jian

Shops:
D:3 *


Innate Abilities, Weirdness & Mutations

You are a venomous arachnid creature.
You have poisonous fangs.
You are tiny and dextrous.
Your spellcasting is less reliable in this form.
Your armour is entirely melded.
You are incapable of wielding weapons or throwing items.
You are immune to sickness and miasma.
((Your stone body is resilient. (AC +7)))
You are immune to poison.
You resist negative energy. (rN+)
((You are resistant to electric shocks. (rElec)))
You are resistant to unholy torment.
You are immune to petrification.


Message History

Your +0 pair of gloves unmelds from your body.
Your +0 acid dragon scales unmelds from your body.
You feel perceptive.
You now have 725 gold pieces (gained 10).
Magic restored.
A steam dragon comes into view.
A steam dragon is nearby!
Casting: Spider Form (dangerous; 10% risk of failure)
Confirm with . or Enter, or press ? or * to list all spells.
You turn into a venomous arachnid creature.
Your +0 cloak melds into your body.
Your +1 helmet of see invisible melds into your body.
Your +0 pair of gloves melds into your body.
Your +0 acid dragon scales melds into your body.
The steam dragon hisses angrily.
Casting: Spider Form (dangerous; 21% risk of failure)
Confirm with . or Enter, or press ? or * to list all spells.
Your blood is infused with primal strength.
The steam dragon breathes steam at you. The ball of steam misses you.
You are engulfed in a cloud of scalding steam.
You are engulfed in a cloud of scalding steam.
The steam dragon breathes steam at you. The ball of steam hits you!
* * * LOW HITPOINT WARNING * * *
You hit the steam dragon.
The steam dragon is poisoned.
The steam dragon is lightly wounded.
You are engulfed in a cloud of scalding steam.
* * * LOW HITPOINT WARNING * * *
You completely miss the steam dragon.
The steam dragon is moderately wounded.
You are engulfed in a cloud of scalding steam.
* * * LOW HITPOINT WARNING * * *
The steam dragon misses you. x2
Okay, then.
You bite the steam dragon!
The steam dragon looks as sick as possible!
The steam dragon is severely wounded.
The steam dragon bites you!
You die...

#. ## ###.##.. .### #.#..
....##.. ... #.#.#
#..##.##.#### #.#.#
#...........#. #.#.#
#...#......... #.#.#
#...#.........
###.#.######.......#...#.
.........>.....#...##.##
.##.#.###.##†)†.s.......
....#.........###D.##.##
..#######.###.# #.§# .#
.......##...))# #..# #
...###.##.##### #..#
.#..##.##.# ...
.##.##.##.# #.##
.##..#.##.####### .#
.###...#........#


You could see a steam dragon (extremely poisoned, catching breath).

Vanquished Creatures
  Pikel (D:8)
  Maggie (D:8)
  Prince Ribbit (D:6)
  A wyvern (D:5)
  3 steam dragons
  An acid dragon (D:8)
  A water moccasin (D:7)
  An orc warrior (D:8)
  8 black bears
  2 ogres (D:6)
  A sky beast (D:8)
  A centaur (D:8)
  2 lemures (D:8)
  3 phantoms
  2 kobold brigands
  5 bullfrogs
  A necrophage (D:6)
  5 howler monkeys
  4 hounds
  5 orc priests
  2 gnoll boudas
  A jelly (D:5)
  4 iguanas
  5 orc wizards
  11 gnolls
  3 adders
  2 white imps
  An ufetubus (D:5)
  6 dart slugs
  23 orcs
  2 bats (D:2)
  9 endoplasms
  6 giant cockroaches
  9 goblins
  8 hobgoblins
  10 jackals
  7 quokkas
  9 ball pythons
  3 frilled lizards
  18 kobolds
  2 rats (D:3)
190 creatures vanquished.

Notes
Turn   | Place    | Note
-------+----------+-------------------------------------------
     0 | D:1      | greasedhog the Gargoyle Transmuter began the quest for the
                  | Orb.
     0 | D:1      | Reached XP level 1. HP: 12/12 MP: 3/3
   109 | D:1      | Reached XP level 2. HP: 16/16 MP: 3/5
   112 | D:1      | Learned a level 2 spell: Wereblood
   282 | D:1      | Reached skill level 2 in Transmutations
   373 | D:1      | Reached XP level 3. HP: 13/21 MP: 3/6
   386 | D:1      | Found a faded altar of an unknown god.
  1666 | D:2      | Reached XP level 4. HP: 21/26 MP: 7/7
  1670 | D:2      | Learned a level 3 spell: Spider Form
  1832 | D:2      | Found a blossoming altar of Fedhas.
  2351 | D:3      | Found an ornate altar of the Wu Jian Council.
  2678 | D:3      | Found Jushrume's General Store.
  2703 | D:3      | Reached XP level 5. HP: 16/30 MP: 5/8
  2867 | D:3      | Bought a +1 helmet of see invisible for 214 gold pieces
  2932 | D:3      | Reached skill level 3 in Transmutations
  3475 | D:4      | Found a shimmering blue altar of Sif Muna.
  3549 | D:4      | Became a worshipper of Sif Muna the Loreminder
  3688 | D:4      | Noticed a phantom
  3706 | D:4      | Killed a phantom
  3707 | D:4      | Reached XP level 6. HP: 30/35 MP: 5/9
  4793 | D:4      | Found a sacrificial altar of Ru.
  5023 | D:5      | Entered Level 5 of the Dungeon
  5028 | D:5      | Reached skill level 5 in Unarmed Combat
  5099 | D:5      | Reached skill level 1 in Armour
  5231 | D:5      | Reached skill level 4 in Transmutations
  5273 | D:5      | Reached XP level 7. HP: 20/40 MP: 6/10
  5471 | D:5      | Noticed a wyvern
  5493 | D:5      | Reached skill level 5 in Transmutations
  5499 | D:5      | Killed a wyvern
  5500 | D:5      | Reached skill level 5 in Armour
  5500 | D:5      | Reached XP level 8. HP: 16/44 MP: 9/11
  5513 | D:5      | Reached * piety under Sif Muna
  5944 | D:5      | Found a blossoming altar of Fedhas.
  6806 | D:6      | Noticed Prince Ribbit
  7045 | D:6      | Reached skill level 6 in Transmutations
  7805 | D:6      | Reached XP level 9. HP: 33/48 MP: 10/12
  7893 | D:6      | Learned a level 4 spell: Ice Form
  7963 | D:6      | Killed Prince Ribbit
  7964 | D:6      | Reached skill level 7 in Transmutations
  8163 | D:6      | Found a staircase to the Ecumenical Temple.
  8170 | Temple   | Entered the Ecumenical Temple
  8334 | D:6      | Found a bloodstained altar of Trog.
  8538 | D:6      | Reached skill level 5 in Dodging
  8755 | D:6      | Found a stormy altar of Qazlal.
  8758 | D:6      | Found a broken altar of Ashenzari.
  8764 | D:6      | Found a snail-covered altar of Cheibriados.
  9614 | D:7      | Reached ** piety under Sif Muna
  9620 | D:7      | Reached skill level 8 in Transmutations
 10176 | D:8      | Reached skill level 5 in Fighting
 10189 | D:8      | Reached XP level 10. HP: 50/59 MP: 10/13
 10446 | D:8      | Noticed Pikel
 10642 | D:8      | Noticed Maggie
 10658 | D:8      | Killed Maggie
 10688 | D:8      | Killed Pikel
 11215 | D:8      | HP: 2/59 [acid dragon/splash of acid (29)]
 11736 | D:8      | Reached skill level 9 in Transmutations
 11794 | D:8      | Mangled by a steam dragon

Illustrated notes

Levels and vault maps discovered:
D:1:      minmay_arrival_diagonal_passages, layout_basic,
          nicolae_ecumenical_snake_handling, ebering_dispersal_statue_hall
D:2:      layout_basic, basic_altar
D:3:      layout_basic, mainiacjoe_overflow_paths, serial_shops,
          nicolae_shop_crystal, serial_rivers, chequers_serial_rivers_small_3,
          chequers_serial_rivers_small_3, chequers_serial_rivers_small_b,
          chequers_serial_rivers_small_b, chequers_serial_rivers_room_b,
          chequers_serial_rivers_small_3
D:4:      layout_layer_cave, lemuel_coloured_pillars_altar,
          mainiacjoe_overflow_six_doors_small, serial_rivers,
          chequers_serial_rivers_marsh, chequers_serial_rivers_small_3,
          chequers_serial_rivers_room_a, chequers_serial_rivers_micro_b
D:5:      minmay_polygon_palace, layout_loops_corners, fedhas_altar_fruit_tree
D:6:      layout_basic, trog_ov_bears_minmay, grunt_temple_overflow_diamond,
          minmay_temple_entry_proselytizer, kennysheep_generic_room_2,
          uniq_prince_ribbit1
D:7:      layout_loops_corners
D:8:      layout_basic, uniq_pikel, uniq_maggie
Temple:   bh_familiar_temple

Skill      XL: |  1  2  3  4  5  6  7  8  9 10 |
---------------+-------------------------------+-----
Transmutations | 2 3 4 5 6 8 9 |  9.0
Fighting       | 2 5 |  5.1
Unarmed Combat | 4 5 |  5.0
Armour         | 2 5 |  5.0
Dodging        | 3 5 |  5.0
Spellcasting   | 4 |  4.4

Action                   |  1- 3 |  4- 6 |  7- 9 | 10-12 || total
-------------------------+-------+-------+-------+-------++-------
Melee: Unarmed           |   106 |   158 |   311 |   105 ||   680
       Headbutt          |    10 |    27 |    55 |     1 ||    93
       Kick              |    18 |    34 |    96 |     7 ||   155
       Punch             |     3 |     1 |    10 |       ||    14
 Cast: Beastly Appendage |    22 |    33 |    30 |     4 ||    89
       Wereblood         |     1 |    10 |    27 |     9 ||    47
       Spider Form       |       |       |     6 |     8 ||    14
  Use: Scroll            |     2 |     9 |     5 |     1 ||    17
       Potion            |       |       |     1 |       ||     1
Armor: Robe              |    36 |    54 |   103 |       ||   193
       Skin              |       |       |     2 |     2 ||     4
       Acid dragon scale |       |       |       |     1 ||     1
Dodge: Dodged            |    46 |    86 |   222 |    92 ||   446

Table legend: (Time is in decaauts)
 A = Elapsed time spent in this place.
 B = Non-inter-level travel time spent in this place.
 C = Inter-level travel time spent in this place.
 D = Time resting spent in this place.
 E = Time spent auto-exploring this place.
 F = Levels seen in this place.
 G = Mean time per level.
                   A        B        C        D        E       F      G
               +--------+--------+--------+--------+--------+-----+--------+
         Total |  11759 |  11372 |    387 |   2306 |   7400 |   9 | 1306.6 |
       Dungeon |  11758 |  11371 |    387 |   2306 |   7400 |   8 | 1469.8 |
        Temple |      1 |      1 |      0 |      0 |      0 |   1 |    1.0 |
               +--------+--------+--------+--------+--------+-----+--------+

Top non-repeatable levels by time:
     D:5: 2045 daAuts
     D:6: 1727 daAuts
     D:4: 1619 daAuts
     D:8: 1616 daAuts
     D:7: 1339 daAuts
     D:1: 1168 daAuts
     D:3: 1138 daAuts
     D:2: 1102 daAuts
  Temple: 1 daAuts
